 Dungeon Crawl Stone Soup version 0.19.4 (webtiles) character file.

258 Jerry the Shield-Bearer (level 6, -2/47 HPs)
             Began as a Formicid Fighter on Feb 4, 2017.
             Was a Follower of Kikubaaqudgha.
             Slain by a gnoll
             ... wielding a +0 halberd
              (9 damage)
             ... on level 4 of the Dungeon.
             The game lasted 00:05:44 (3922 turns).

Jerry the Shield-Bearer (Formicid Fighter)          Turns: 3922, Time: 00:05:45

Health: -2/47      AC:  7    Str: 20    XL:     6   Next: 40%
Magic:  6/6        EV:  8    Int: 10    God:    Kikubaaqudgha [*.....]
Gold:   147        SH: 10    Dex: 10    Spells: 0 memorised, 5 levels left

rFire  . . .     SeeInvis +     a - +0 war axe
rCold  . . .     Gourm    .     b - +0 scale mail
rNeg   . . .     Faith    .     c - +0 shield
rPois  +         Spirit   .     (helmet unavailable)
rElec  .         Reflect  .     (no cloak)
rCorr  +         Harm     .     (no gloves)
MR     .....                    (no boots)
Stlth  ..........               (no amulet)
                                o - ring of poison resistance
                                h - ring of resist corrosion

@: no status effects
A: permanent stasis, dig shafts and tunnels, four strong arms, antennae 3
a: Dig, Shaft Self, Receive Corpses, Renounce Religion


You were on level 4 of the Dungeon.
You worshipped Kikubaaqudgha.
Kikubaaqudgha was aware of your devotion.
You were not hungry.

You visited 1 branch of the dungeon, and saw 4 of its levels.

You collected 147 gold pieces.

Inventory:

Hand Weapons
 a - a +0 war axe (weapon)
Armour
 b - a +0 scale mail (worn)
 c - a +0 shield (worn)
Jewellery
 h - a ring of resist corrosion (left hand)
 o - a ring of poison resistance (right hand)
Scrolls
 i - 2 scrolls of identify {unknown}
 k - 3 scrolls of remove curse {unknown}
 l - a scroll of noise {unknown}
 n - 2 scrolls of teleportation {unknown}
 t - a scroll of blinking {unknown}
Potions
 d - a potion of might
 e - a potion of invisibility {unknown}
 j - 2 potions of flight {unknown}
 r - a potion of degeneration {unknown}
 s - a potion of magic {unknown}
Books
 v - Kikubaaqudgha's Collected Works on Necromancy
   (Kikubaaqudgha gifted it to you on level 4 of the Dungeon)

   Spells                             Type                      Level
   a - Pain                           Necromancy                   1
   b - Corpse Rot                     Necromancy                   2
   c - Sublimation of Blood           Necromancy                   2
   d - Regeneration                   Charms/Necromancy            3
   e - Control Undead                 Necromancy                   4
Comestibles
 f - 3 bread rations
 g - 2 meat rations
 m - a beef jerky
 p - 2 fruits
 q - a slice of pizza
 u - 2 chunks of flesh


   Skills:
 - Level 3.2 Fighting
 * Level 3.9 Axes
 + Level 5.0 Armour
 + Level 5.5 Shields


You had 5 spell levels left.
You didn't know any spells.

Dungeon Overview and Level Annotations

Branches:
Dungeon (4/15)
 Temple: D:4-7

Altars:
Dithmenos
Kikubaaqudgha
Qazlal
Ru
Zin


Innate Abilities, Weirdness & Mutations

You are under a permanent stasis effect.
You can dig through walls and to a lower floor.
Your four strong arms can wield two-handed weapons with a shield.
You have a pair of large antennae on your head. (SInv)


Message History

Things that are here:
a stone; a throwing net The gnoll throws a stone.
The stone barely misses you.
You see here a stone.
Things that are here:
a halberd; a gnoll skeleton
Found an escape hatch in the floor.
The gnoll throws a throwing net.
The throwing net hits you.
You become entangled in the net!
You see here a throwing net.
You tear a large gash into the net.
The gnoll hits you with a flail!
You struggle against the net.
The gnoll barely misses you.
The gnoll hits you from afar with a halberd.
The gnoll hits you from afar with a halberd!
* * * LOW HITPOINT WARNING * * *
You rip the net and break free!
The gnoll hits you with a flail.
* * * LOW HITPOINT WARNING * * *
The gnoll hits you from afar with a halberd!
You die...
Kikubaaqudgha rasps: "You have failed me!
Welcome... death!"

###############(##.#####....#
#g##... .... #)###..# ..# #.#
.## .# #g# .# { # ###g###.#
#.g...#.# ###.#.#g# #.@g..#.#
#.#.###.# #.#>g...# #.#######
#. #. #. #.


You could see 5 gnolls.

Vanquished Creatures
  A bullfrog skeleton (D:4)
  2 worker ants
  7 gnolls
  3 adders
  A worm (D:3)
  3 dart slugs
  A leopard gecko (D:3)
  9 bats
  8 goblins
  8 hobgoblins
  15 jackals (D:4)
  A quokka (D:4)
  A ball python (D:1)
  7 kobolds
  10 rats
77 creatures vanquished.

Notes
Turn   | Place    | Note
-------+----------+-------------------------------------------
     0 | D:1      | Jerry the Formicid Fighter began the quest for the Orb.
     0 | D:1      | Reached XP level 1. HP: 18/18 MP: 1/1
    77 | D:1      | Reached XP level 2. HP: 24/24 MP: 2/2
   529 | D:1      | Reached XP level 3. HP: 18/29 MP: 3/3
  1293 | D:2      | Reached XP level 4. HP: 11/35 MP: 4/4
  1857 | D:2      | Found a shadowy altar of Dithmenos.
  1859 | D:2      | Found an ancient bone altar of Kikubaaqudgha.
  1860 | D:2      | Found a sacrificial altar of Ru.
  1861 | D:2      | Found a stormy altar of Qazlal.
  1863 | D:2      | Found a glowing silver altar of Zin.
  1867 | D:2      | Became a worshipper of Kikubaaqudgha
  2096 | D:3      | Reached XP level 5. HP: 28/41 MP: 5/5
  2760 | D:3      | Reached skill level 5 in Shields
  3187 | D:4      | Reached XP level 6. HP: 32/47 MP: 6/6
  3781 | D:4      | Reached skill level 5 in Armour
  3782 | D:4      | Reached * piety under Kikubaaqudgha
  3782 | D:4      | Identified Kikubaaqudgha's Collected Works on Necromancy (Kikubaaqudgha gifted it to you on level 4 of the Dungeon)
  3782 | D:4      | Received a gift from Kikubaaqudgha
  3922 | D:4      | Slain by a gnoll

Skill      XL: |  1  2  3  4  5  6 |
---------------+-------------------+-----
Shields        | 4 5 |  5.5
Armour         | 4 5 |  5.0
Axes           | 3 |  3.9
Fighting       | |  3.2

Action                   |  1- 3 |  4- 6 || total
-------------------------+-------+-------++-------
Melee: War axe           |   105 |   167 ||   272
  Eat: Chunk             |     1 |     7 ||     8
       Royal jelly       |       |     1 ||     1
Armor: Scale mail        |    44 |    73 ||   117
Dodge: Dodged            |    37 |    85 ||   122
Block: Shield            |    57 |   121 ||   178
